 Dungeon Crawl Stone Soup version 0.15.0-23-gc2b521c (webtiles) character file.

65 Kex the Grasshopper (level 3, 0/25 HPs)
             Began as a High Elf Warper on Sept 7, 2014.
             Slain by a worm (2 damage)
             ... on Level 2 of the Dungeon.
             The game lasted 00:13:10 (2866 turns).

Kex the Grasshopper (High Elf Warper)               Turns: 2866, Time: 00:13:11

HP   0/25        AC  3     Str 10      XL: 3   Next: 92%
MP   4/10        EV  8     Int 16      God:
Gold 150         SH  7     Dex 16      Spells:  4 memorised,  0 levels left

rFire  . . .     SeeInvis .     a - +0 short sword
rCold  . . .     Clarity  .     b - +0 leather armour
rNeg   . . .     rCorr    .     r - +0 shield
rPois  .         rRot     .     (no helmet)
rElec  .         Spirit   .     (no cloak)
SustAb .         Warding  .     (no gloves)
rMut   .         Stasis   .     (no boots)
Gourm  .                        (no amulet)
MR     .....                    (no ring)
                                (no ring)

@: very slightly contaminated, not resistant to hostile enchantments, very
unstealthy
A: no striking features
a: no special abilities


You were on level 2 of the Dungeon.
You were not hungry.

You visited 1 branch of the dungeon, and saw 3 of its levels.

You collected 150 gold pieces.

Inventory:

Hand weapons
 a - a +0 short sword (weapon)
Missiles
 e - 5 tomahawks of dispersal (quivered)
Armour
 b - a +0 leather armour (worn)
 r - a +0 shield (worn)
Magical devices
 s - a wand of digging (5) {unknown}
Comestibles
 f - 2 bread rations
 o - a fruit
Scrolls
 d - a scroll of blinking
 g - a scroll of immolation {unknown}
 i - 3 scrolls of identify {unknown}
 l - a scroll of recharging {unknown}
Jewellery
 h - a +6 ring of strength {unknown}
Potions
 j - a potion of might {unknown}
 k - a potion of flight {unknown}
 m - a potion of confusion {unknown}
 p - 2 potions of agility {unknown}
 q - a potion of heal wounds {unknown}
Books
 c - a book of Spatial Translocations

   Spells                             Type                      Level
   *Apportation                       Translocation                1
   *Blink                             Translocation                2
   *Shroud of Golubria                Charms/Translocation         2
   Portal Projectile                  Translocation                3
   *Teleport Other                    Translocation                3
   Passage of Golubria                Translocation                4


   Skills:
 + Level 2.4 Fighting
 + Level 2.7 Short Blades
 + Level 1.2 Throwing
 + Level 1.2 Armour
 + Level 2.6 Dodging
 + Level 0.2 Stealth
 * Level 3.2 Spellcasting
 * Level 3.8 Translocations


You couldn't memorise any spells.
You knew the following spells:

 Your Spells              Type           Power        Failure   Level  Hunger
a - Apportation           Tloc           ##........   38%         1    None
b - Shroud of Golubria    Chrm/Tloc      #.........   95%         2    ##.....
c - Teleport Other        Tloc           ##......     92%         3    ###....
d - Blink                 Tloc           N/A          61%         2    ##.....


Dungeon Overview and Level Annotations

Branches:
Dungeon (3/15)

Altars:


Message History

The ogre barely misses you.
Casting: Teleport Other
Confirm with . or Enter, or press ? or * to list all spells.
Aiming: Teleport Other
Press: ? - help, Shift-Dir - straight line, f/p - ogre
Aim: an ogre, wielding a giant spiked club You miscast Teleport Other.
Space warps around you.
Casting: Teleport Other
Confirm with . or Enter, or press ? or * to list all spells.
Okay, then.
You block the ogre's attack.
Keep disrobing?
You start removing your armour.
You continue taking off your +0 shield.
The ogre hits you with a giant spiked club!
You continue taking off your +0 shield.
The ogre hits you with a giant spiked club!
* * * LOW HITPOINT WARNING * * *
You continue taking off your +0 shield.
The worm bites you.
You die...

##.........#..>....#####.#...###
#...................####.###.###
#..>.......#.......#............
#....................##.####....
#..........#.#.#.#.###..# ###..
#..............[#####..## ##..
##.............## #.## ##...
##.....#.....Ow#####.######....
#############@....#.....#..#..
##..........)...##..
#...............####
#...............####
#...................
#...............####
#...............#
##.............##
##.....#.....##


You could see a worm and an ogre.

Vanquished Creatures
  A worm (D:2)
  2 giant geckos (D:1)
  An ooze (D:1)
  10 bats
  2 giant cockroaches (D:2)
  9 goblins
  10 hobgoblins
  7 kobolds
  3 giant newts
  8 rats
53 creatures vanquished.

Notes
Turn   | Place    | Note
--------------------------------------------------------------
     0 | D:1      | Kex, the High Elf Warper, began the quest for the Orb.
     0 | D:1      | Reached XP level 1. HP: 14/14 MP: 4/4
    20 | D:1      | Upgraded the game from 0.15.0-18-g9076a4f to 0.15.0-23-gc2b521c
    60 | D:1      | Reached skill level 1 in Armour
   112 | D:1      | Reached XP level 2. HP: 12/19 MP: 6/6
   672 | D:1      | Learned a level 2 spell: Shroud of Golubria
   742 | D:1      | Reached XP level 3. HP: 16/24 MP: 8/8
  1880 | D:1      | Learned a level 3 spell: Teleport Other
  1883 | D:1      | Learned a level 2 spell: Blink
  2837 | D:3      | Noticed an ogre
  2866 | D:2      | Slain by a worm

Action                   || total
-------------------------++-------
Melee: Short sword       ||   255
 Cast: Shroud of Golubri ||     6
       Teleport Other    ||     3
  Eat: Chunk             ||     5
       Meat ration       ||     1
